 Dungeon Sprint DCSS version 0.21.1-1-g345015f (webtiles) character file.

70 rob the Chiller (level 4, -1/24 HPs)
             Began as a Deep Elf Ice Elementalist on Mar 24, 2018.
             Slain by a wight
             ... wielding a cursed +2 falchion
              (8 damage)
             ... in the Dungeon (Sprint V: "Ziggurat Sprint").
             The game lasted 00:13:25 (342 turns).

rob the Chiller (Deep Elf Ice Elementalist)          Turns: 342, Time: 00:13:26

Health: -1/24      AC: 16    Str:  6    XL:     4   Next: 3%
Magic:  7/15       EV:  7    Int: 32    God:
Gold:   0          SH:  0    Dex: 15    Spells: 16/17 levels left

rFire    x . .     SeeInvis +   L - +11 plutonium sword {*Contam Stlth-}
rCold    + + .     Gourm    .   (shield currently unavailable)
rNeg     . . .     Faith    .   O - +5 ice dragon scales
rPois    .         Spirit   .   P - +1 helmet {SInv}
rElec    .         Reflect  .   (no cloak)
rCorr    .         Harm     .   (no gloves)
MR       .....     NoTele   +   (no boots)
Stlth    ..........             (no amulet)
HPRegen  0.08/turn              x - +6 ring of intelligence
MPRegen  0.14/turn              y - +6 ring of intelligence

@: very slightly contaminated, drained
A: no striking features
a: no special abilities


You were in the Dungeon.
You were not hungry.

You visited 1 branch

Inventory:

Hand Weapons
 H - the +6 Majin-Bo {vamp, Archmagi MP+6 Int+6}
   (You found it in the Dungeon)

   It inflicts no extra harm, but heals its wielder when it wounds a living foe.
   It affects your intelligence (+6).
   It affects your magic capacity (+6).
 K - the +8 lance "Wyrmbane" {slay drac, rPois rF+ rC+ AC+3}
   (You found it in the Dungeon)

   It affects your AC (+3).
   It protects you from fire.
   It protects you from cold.
   It protects you from poison.
 L - the +11 plutonium sword (weapon) {*Contam Stlth-}
   (You found it in the Dungeon)

   It causes magical contamination when unequipped.
   It makes you less stealthy.
 M - the +9 sword of Zonguldrok {reap}
   (You found it in the Dungeon)

   If a monster killed with it leaves a corpse in good enough shape, the corpse
   will be animated as a zombie friendly to the killer.
Armour
 a - a +0 robe
 s - a +5 crystal plate armour
 I - the +15 Maxwell's patent armour {-Cast -Tele rElec MR+ rCorr}
   (You found it in the Dungeon)

   It insulates you from electricity.
   It affects your resistance to hostile enchantments.
   It prevents spellcasting.
   It prevents most forms of teleportation.
   It protects you from acid and corrosion.
 J - the +18 shield of the Gong {rElec rN+ MR+ EV-5}
   (You found it in the Dungeon)

   It affects your evasion (-5).
   It insulates you from electricity.
   It protects you from negative energy.
   It affects your resistance to hostile enchantments.
 N - +5 storm dragon scales
 O - +5 ice dragon scales (worn)
 P - a +1 helmet of see invisible (worn)
Magical Staves
 B - an uncursed staff of energy
 Q - a cursed staff of energy
Jewellery
 v - a +6 ring of dexterity
 w - a +6 ring of dexterity
 x - a +6 ring of intelligence (left hand)
 y - a +6 ring of intelligence (right hand)
 z - a +6 ring of strength
 A - a +6 ring of strength
Wands
 D - a wand of disintegration (7)
 E - a wand of iceblast (7)
 F - a wand of acid (7)
Scrolls
 i - 4 scrolls of blinking
 j - 4 scrolls of amnesia
 k - 7 scrolls of fog
 l - a scroll of holy word
 m - 5 scrolls of identify
 n - 5 scrolls of remove curse
 o - 2 scrolls of fear
Potions
 d - 9 potions of curing
 e - 9 potions of heal wounds
 f - 6 potions of haste
 g - 7 potions of magic
 h - 3 potions of berserk rage
 p - 2 potions of brilliance
 q - 2 potions of invisibility
 r - 4 potions of resistance
 t - 5 potions of agility
 u - 5 potions of might
Books
 b - a book of Frost

   Spells                             Type                      Level
   a - Freeze                         Ice                          1
   b - Throw Frost                    Conjuration/Ice              2
   c - Ozocubu's Armour               Charms/Ice                   3
   d - Throw Icicle                   Conjuration/Ice              4
   e - Summon Ice Beast               Ice/Summoning                4
Miscellaneous
 C - a crystal ball of energy
 G - a lightning rod (4/4)
Comestibles
 c - 6 rations


   Skills:
 + Level 2.0(1.5) Armour
 + Level 4.8(4.2) Dodging
 + Level 3.2(2.7) Stealth
 + Level 7.0(6.4) Spellcasting
   Level 1.1(0.6) Conjurations
 + Level 7.3(6.7) Ice Magic
 + Level 2.7(2.2) Evocations


You had 16 spell levels left.
You knew the following spells:

 Your Spells              Type           Power        Failure   Level  Hunger
a - Freeze                Ice            ####         8%          1    None


Dungeon Overview and Level Annotations

Branches:
Dungeon (1/1)

Altars:
Ashenzari
Cheibriados
Dithmenos
Elyvilon
Fedhas
Gozag
Hepliaklqana
Kikubaaqudgha
Makhleb
Nemelex Xobeh
Okawaru
Qazlal
Ru
Sif Muna
Trog
Uskayaw
Vehumet
Wu Jian
Xom
Yredelemnul
Zin
The Shining One
Beogh
Jiyva
Lugonu

Annotations:
D 1 transporter


Message History

The wight barely misses you.
You riposte.
You closely miss the wight.
The phantom blinks!
The wight hits you but does no damage.
You closely miss the wight. The wight hits you but does no damage.
The phantom hits you but does no damage.
The wight hits you but does no damage.
You hit the wight.
The wight is lightly damaged.
The phantom barely misses you. The wight hits you but does no damage.
The phantom blinks!
Your ice dragon scales prevents you from hitting the wight.
The wight is lightly damaged.
The wight barely misses you.
You riposte.
You closely miss the wight.
The wight is lightly damaged.
The wight hits you but does no damage.
You slice the phantom!!
The phantom is severely damaged.
The wight hits you but does no damage. The phantom hits you.
* * * LOW HITPOINT WARNING * * *
The wight hits you with an enchanted falchion!
You die...

▓▓▓▓▓▓▓▓▓▓▓▓▓
▓.8©8.▓.8©8.▓
▓.|==.▓.....▓
▓.....▓.....▓
▓.....▓.....▓
▓.zW..▓.....▓
▓..@..▓..©..▓
▓..©..▓▓▓▓▓▓▓
▓▓▓▓▓▓▓


You could see a phantom and a wight.

Vanquished Creatures
  2 jellies (D)
  A bat skeleton (D)
3 creatures vanquished.

Notes
Turn   | Place    | Note
-------+----------+-------------------------------------------
     0 | D        | Found the +6 Majin-Bo {vamp, Archmagi MP+6 Int+6}
     0 | D        | Found the +7 great mace "Firestarter" {inner flame, rF++}
     0 | D        | rob the Deep Elf Ice Elementalist began the quest for the Orb.
     0 | D        | Reached XP level 1. HP: 10/10 MP: 6/6
     1 | D        | Found a blossoming altar of Fedhas.
     2 | D        | Found a viscous altar of Jiyva.
     2 | D        | Found a transporter.
     2 | D        | Found a hazy altar of Hepliaklqana.
     2 | D        | Found an ancient bone altar of Kikubaaqudgha.
     2 | D        | Found an opulent altar of Gozag.
     2 | D        | Found a corrupted altar of Lugonu.
     3 | D        | Found a burning altar of Makhleb.
     4 | D        | Found a sacrificial altar of Ru.
     4 | D        | Found a deep blue altar of Sif Muna.
     4 | D        | Found a stormy altar of Qazlal.
     4 | D        | Found a bloodstained altar of Trog.
     4 | D        | Found an iron altar of Okawaru.
     4 | D        | Found a sparkling altar of Nemelex Xobeh.
    28 | D        | Found the +9 heavy crossbow "Sniper" {velocity, Acc+∞ SInv}
    28 | D        | Found the +10 dark maul {crush}
    28 | D        | Found the +15 Maxwell's patent armour {-Cast -Tele rElec MR+ rCorr}
    28 | D        | Found the +18 shield of the Gong {rElec rN+ MR+ EV-5}
    28 | D        | Found the cursed +14 obsidian axe {chop, +Fly SInv *Curse}
    30 | D        | Found the +6 shillelagh "Devastator" {shatter}
    30 | D        | Found the +11 plutonium sword {*Contam Stlth-}
    30 | D        | Found the +8 lance "Wyrmbane" {slay drac, rPois rF+ rC+ AC+3}
    30 | D        | Found the +9 sword of Zonguldrok {reap}
    30 | D        | Found the cursed +13 scythe of Curses {drain, *Curse}
    30 | D        | Found the +0 sword of Power
    30 | D        | Found the +5 mace of Variability {chaos}
    30 | D        | Found the +7 Singing Sword
    30 | D        | Found the +7 longbow "Piercer" {penet, EV-2}
    57 | D        | Reached skill level 5 in Spellcasting
    57 | D        | Reached skill level 5 in Ice Magic
    57 | D        | Reached XP level 2. HP: 15/15 MP: 6/10
   116 | D        | Entered arena 2.
   116 | D        | Found a transporter.
   121 | D        | Reached XP level 3. HP: 15/19 MP: 11/12
   128 | D        | Reached XP level 4. HP: 23/24 MP: 8/15
   318 | D        | Entered arena 3.
   318 | D        | Noticed a phantom
   318 | D        | Found a transporter.
   342 | D        | Slain by a wight

Skill      XL: |  1  2  3 |
---------------+----------+-----
Armour         | 2 |  2.0
Dodging        | 4 |  4.8
Spellcasting   | 5 6 7 |  7.0
Ice Magic      | 5 6 7 |  7.3
Evocations     | 2 |  2.7
Stealth        | 3 |  3.2
Conjurations   | |  1.1

Action                   |  1- 3 |  4- 6 || total
-------------------------+-------+-------++-------
Melee: Quarterstaff      |     1 |       ||     1
       Triple sword      |       |     6 ||     6
       Staff             |       |     3 ||     3
 Cast: Freeze            |     7 |    12 ||    19
  Use: Potion            |     2 |     1 ||     3
  Eat: Ration            |     1 |       ||     1
Armor: Ice dragon scales |     8 |    33 ||    41
Dodge: Dodged            |     6 |    19 ||    25
       Rpst.: Triple sword |       |     2 ||     2
